cohdb
Replays
Latest Replays
All Replays
Popular Replays
Top Player Replays
Match Explorer
How It Works
Community
CoH3 Stats
Reddit
Sign in to upload your games and track your stats! →
Sign in with Steam
Match 43077123
Unlisted
Match 43077123
Overview
Messages
Build Orders
End
Construct Infanterie Kompanie
Kettenkrad Recon Vehicle
Selects Breakthrough Battlegroup
Selects Assault Grenadiers
MG 42 Machine Gun Team
Construct Luftwaffe Kompanie
MG 42 Machine Gun Team
Support Elements
Jäger Squad
Wirbelwind Flakpanzer
Medical Station
Flak 30 Anti-aircraft Gun Team
Pioneer Squad
Marder III M Tank Destroyer
Marder III M Tank Destroyer
Luftwaffe Officer Quarters
Pioneer Squad
Construct Panzer Kompanie
Jäger Squad
Stoßtruppen Squad
Panzer IV Medium Tank
Side Skirts
Panzer Officer Quarters
Selects Rapid Production
Selects Blitzkrieg
Panzer IV Medium Tank
Pioneer Squad
Pioneer Squad
Pioneer Squad
Pioneer Squad
Panzer IV Medium Tank
Panzer IV Medium Tank
Selects Breakthrough
Selects Incendiary Bombing Run
Selects Tiger Heavy Tank
Hk
Jarkke
Blæksprutte
Sahif
0
0
Comments
sign in to comment!
No comments posted yet!